 Dungeon Crawl Stone Soup version 0.31-a0-202-g547052bce9 (webtiles) character file.

Game seed: 5239588684097952047

52 qw the Shooter (level 3, -5/20 HPs)
             Began as a Deep Elf Hunter on June 26, 2023.
             Slain by Jessica
             ... wielding a +6 club
              (8 damage)
             ... on level 2 of the Dungeon.
             The game lasted 00:00:29 (1180 turns).

qw the Shooter (Deep Elf Hunter)                    Turns: 1180, Time: 00:00:29

Health: -5/20      AC:  5    Str: 10    XL:     3   Next: 60%
Magic:  5/5        EV: 11    Int: 13    God:
Gold:   18         SH:  0    Dex: 18    Spells: 2/2 levels left

rFire   . . .        Y - +0 shortbow
rCold   . . .        (shield currently unavailable)
rNeg    . . .        h - +0 ring mail
rPois   .            (no helmet)
rElec   .            (no cloak)
rCorr   .            (no gloves)
SInv    .            (no boots)
Will    .....        (no amulet)
Stlth   +            (no ring)
HPRegen 0.23/turn    (no ring)
MPRegen 0.09/turn

%: no passive effects
@: no status effects
A: no striking features
a: no special abilities


You were on level 2 of the Dungeon.
You visited 1 branch of the dungeon, and saw 2 of its levels.

You collected 18 gold pieces.


   Skills:
 - Level 1.5 Fighting
 + Level 7.1 Ranged Weapons
 - Level 2.4 Dodging
 - Level 1.2 Stealth


You had 2 spell levels left.
You didn't know any spells.
Your spell library was empty.

Inventory:

Hand Weapons
 Y - a +0 shortbow (weapon)
Armour
 h - a +0 ring mail (worn)
Scrolls
 a - a scroll of revelation {unknown}
Potions
 d - a potion of curing
 e - a potion of degeneration {unknown}
 f - a potion of enlightenment

Dungeon Overview and Level Annotations

Branches:
Dungeon (2/15)

Altars:

Annotations:
D:2 Jessica


Message History

A dart slug comes into view.
Jessica mumbles something strange.
Jessica casts a spell.
Jessica blinks!
1164 ||| Stepping ~*~*~tactically~*~*~ (outnumbered).
You hear a zap.
You hear a grinding noise.
1166 ||| Stepping ~*~*~tactically~*~*~ (outnumbered).
1168 ||| Stepping ~*~*~tactically~*~*~ (outnumbered).
1170 ||| Stepping ~*~*~tactically~*~*~ (outnumbered).
You shoot an arrow. The arrow hits the dart slug!
The dart slug is almost dead.
The dart slug briefly extends its eye-stalks.
The dart slug launches a dart at you. The slug dart misses you.
You shoot an arrow. The arrow hits the dart slug!
You kill the dart slug!
You shoot an arrow.
The arrow hits Jessica but does no damage.
Jessica is moderately wounded.
Jessica misses you.
You shoot an arrow. The arrow closely misses Jessica.
Jessica hits you with a +6 club!
Ouch! That really hurt!
Jessica hits you with a +6 club.
You shoot an arrow.
The arrow hits Jessica but does no damage.
Jessica is moderately wounded.
Jessica hits you with a +6 club.
You shoot an arrow. The arrow hits Jessica.
Jessica is heavily wounded.
Jessica barely misses you.
You shoot an arrow. The arrow barely misses Jessica.
Jessica hits you with a +6 club.
You shoot an arrow. The arrow hits Jessica.
Jessica is severely wounded.
Jessica hits you but does no damage.
You shoot an arrow. The arrow hits Jessica.
Jessica is almost dead.
Jessica closely misses you. Jessica hits you with a +6 club!
You die...

#.# #.#
#.# #..
#.# #.#
#.# #.#
#@#
#?@......
########.


You could see Jessica.

Vanquished Creatures
  An adder (D:2)
  2 dart slugs
  4 ball pythons
  2 endoplasms (D:1)
  4 hobgoblins
  3 jackals (D:1)
  4 quokkas
  3 bats
  7 goblins (D:1)
  4 kobolds
  2 rats (D:1)
36 creatures vanquished.

Notes
Turn   | Place    | Note
-------+----------+-------------------------------------------
     0 | D:1      | qw the Deep Elf Hunter began the quest for the Orb.
     0 | D:1      | Reached XP level 1. HP: 12/12 MP: 3/3
     0 | D:1      | 0 ||| qw: Version: 0.3-a-22-g0ed2b0b
     0 | D:1      | 0 ||| qw: Game counter: 6329
     0 | D:1      | 0 ||| qw: Melee chars always use a shield: true
     0 | D:1      | 0 ||| qw: God list: Okawaru
     0 | D:1      | 0 ||| qw: Allow faded altars: false
     0 | D:1      | 0 ||| qw: Do Orc after clearing Dungeon:15 true
     0 | D:1      | 0 ||| qw: Do second Lair branch before Depths: true
     0 | D:1      | 0 ||| qw: Lair rune preference: random
     0 | D:1      | 0 ||| qw: Goals: Normal
     0 | D:1      | 0 ||| PLANNING D:1-11
   115 | D:1      | Reached XP level 2. HP: 16/16 MP: 4/4
   132 | D:1      | Reached skill level 6 in Ranged Weapons
   249 | D:1      | 249 ||| UPGRADING to +0 ring mail.
   259 | D:1      | 259 ||| DROPPING +0 leather armour.
   260 | D:1      | 260 ||| READING scroll labelled SUYTAXKITSO.
   262 | D:1      | 262 ||| DRINKING 2 metallic silvery potions.
   263 | D:1      | 263 ||| DROPPING scroll of butterflies.
   429 | D:1      | Found a faded altar of an unknown god.
   619 | D:1      | Reached XP level 3. HP: 20/20 MP: 5/5
   938 | D:1      | 938 ||| READING scroll labelled IKHOFE LEINK.
   939 | D:1      | 939 ||| READING scroll labelled BOIXOH JALY.
   940 | D:1      | 940 ||| DRINKING 2 red potions.
  1071 | D:2      | Reached skill level 7 in Ranged Weapons
  1161 | D:2      | Noticed Jessica
  1164 | D:2      | 1164 ||| Stepping ~*~*~tactically~*~*~ (outnumbered).
  1166 | D:2      | 1166 ||| Stepping ~*~*~tactically~*~*~ (outnumbered).
  1168 | D:2      | 1168 ||| Stepping ~*~*~tactically~*~*~ (outnumbered).
  1170 | D:2      | 1170 ||| Stepping ~*~*~tactically~*~*~ (outnumbered).
  1176 | D:2      | HP: 4/20 [Jessica/+6 club (6)]
  1180 | D:2      | Slain by Jessica

Levels and vault maps discovered:
D:1:      dpeg_arrival_morbid_curiosity, layout_loops_ring,
          ebering_ecumenical_altar_webs, hangedman_glass_teeth
D:2:      layout_loops_ring, minmay_pentomino_s4, uniq_jessica

Skill      XL: |  1  2  3 |
---------------+----------+-----
Ranged Weapons | 6 7 |  7.1
Fighting       | |  1.5
Dodging        | |  2.4
Stealth        | |  1.2

Action                     || total
---------------------------++-------
   Fire: Shortbow          ||   109
    Use: Scroll            ||     3
         Potion            ||     2
 Armour: Leather armour    ||     1
         Ring mail         ||    15
  Dodge: Dodged            ||    28

Table legend:
 A = Non-vault XP
 B = Vault XP
 C = Vault XP percentage of total XP
 D = Non-vault monster count
 E = Vault monster count
 F = Vault count percentage of total count
                 A         B        C        D         E       F
            +---------+---------+-------+---------+---------+-------
      Total |      66 |       9 |  12.0 |      31 |       5 |  13.9
            +---------+---------+-------+---------+---------+-------
        D:1 |      38 |       9 |  19.1 |      23 |       5 |  17.9
        D:2 |      28 |       0 |   0.0 |       8 |       0 |   0.0
            +---------+---------+-------+---------+---------+-------
